 Dungeon Crawl Stone Soup version 0.25-a0-366-g516bc45ae0 (webtiles) character file.

Game seed: 9047143471263559517, levelgen mode: deterministic

716 DerDa the Magician (level 7, -9/46 HPs)
             Began as a Mummy Necromancer on Jan 6, 2020.
             Mangled by an ogre
             ... wielding a +0 giant club
              (10 damage)
             ... on level 5 of the Dungeon.
             The game lasted 00:16:42 (4921 turns).

DerDa the Magician (Mummy Necromancer)              Turns: 4921, Time: 00:16:42

Health: -9/46      AC:  5    Str: 12      XL:     7   Next: 41%
Magic:  10/17      EV: 12    Int: 16      God:
Gold:   315        SH:  0    Dex:  9 (12) Spells: 7/20 levels left

rFire    . . .     SeeInvis .   a - +4 dagger (drain)
rCold    + . .     Gourm    .   (no shield)
rNeg     + + +     Faith    .   m - +2 robe {rF+}
rPois    ∞         Spirit   .   s - +0 helmet
rElec    .         Reflect  .   (no cloak)
rCorr    .         Harm     .   (no gloves)
MR       .....                  (no boots)
Stlth    ++........             (no amulet)
HPRegen  0.15/turn              h - ring of wizardry
MPRegen  0.15/turn              (no ring)

@: no status effects
A: no food or potions, fire vulnerability, cold resistance 1, negative energy
resistance 3, torment resistance, unbreathing
a: no special abilities


You were on level 5 of the Dungeon.
You were not hungry.

You visited 2 branches of the dungeon, and saw 6 of its levels.

You collected 315 gold pieces.

Inventory:

Hand Weapons
 a - a +4 dagger of draining (weapon)
 b - a +3 hunting sling of freezing
Missiles
 f - 47 poisoned darts (quivered)
 j - 108 stones
 k - 20 sling bullets
Armour
 m - a +2 robe of fire resistance (worn)
 q - a +1 robe of cold resistance
 s - a +0 helmet (worn)
Jewellery
 h - a ring of wizardry (left hand)
Wands
 n - a wand of random effects (22)
Scrolls
 c - a scroll of magic mapping
 e - 2 scrolls of identify {unknown}
 g - 2 scrolls of teleportation {unknown}
 i - 2 scrolls of random uselessness
 l - a scroll of enchant armour {unknown}
 o - 2 scrolls of remove curse
 p - a scroll of fear
 r - a scroll of blinking {unknown}


   Skills:
 - Level 1.5 Dodging
 - Level 1.5 Stealth
 + Level 7.4 Spellcasting
 + Level 7.1 Necromancy


You had 7 spell levels left.
You knew the following spells:

 Your Spells              Type           Power        Failure   Level  Hunger
a - Pain                  Necr           ####         1%          1    N/A
b - Vampiric Draining     Necr           ####......   1%          3    N/A
c - Animate Dead          Necr           N/A          2%          4    N/A
d - Agony                 Necr           ####....     8%          5    N/A

Your spell library contained the following spells:

 Spells                   Type           Power        Failure   Level  Hunger
 Animate Skeleton         Necr           N/A          1%          1    N/A
 Apportation              Tloc           #.....       4%          1    N/A
 Confusing Touch          Hex            #.....       4%          1    N/A
 Summon Small Mammal      Summ           #...         4%          1    N/A

Dungeon Overview and Level Annotations

Branches:
Dungeon (5/15)             Temple (1/1) D:5

Altars:
Ashenzari
Elyvilon
Fedhas
Gozag
Hepliaklqana
Makhleb
Nemelex Xobeh
Okawaru
Trog
Uskayaw
Vehumet
Wu Jian
Xom
Yredelemnul


Innate Abilities, Weirdness & Mutations

You do not eat or drink.
Your flesh is vulnerable to fire.
You are immune to poison.
Your flesh is cold resistant. (rC+)
You are immune to negative energy. (rN+++)
You are immune to unholy pain and torment.
You can survive without breathing.


Message History

Casting: Pain (safe; 1% risk of failure)
Confirm with . or Enter, or press ? or * to list all spells.
Aiming: Pain (safe; 1% risk of failure)
Press: ? - help, Shift-Dir - straight line, f/p - ogre
Aim: an ogre, wielding a +0 giant club (severely wounded, chance to defeat MR: 84%)
The ogre writhes in agony.
The ogre hits you with a +0 giant club!
* * * LOW HITPOINT WARNING * * *
Casting: Pain (safe; 1% risk of failure)
Confirm with . or Enter, or press ? or * to list all spells.
Aiming: Pain (safe; 1% risk of failure)
Press: ? - help, Shift-Dir - straight line, f/p - ogre
Aim: an ogre, wielding a +0 giant club (almost dead, chance to defeat MR: 84%)
The ogre barely resists.
Casting: Pain (safe; 1% risk of failure)
Confirm with . or Enter, or press ? or * to list all spells.
Aiming: Pain (safe; 1% risk of failure)
Press: ? - help, Shift-Dir - straight line, f/p - ogre
Aim: an ogre, wielding a +0 giant club (almost dead, chance to defeat MR: 84%)
The ogre barely resists.
The ogre hits you with a +0 giant club!
You die...

#.#.....#......#.#..
#.#.....######.#.###
#.#.....######.#....
#..............#####
#.###########..##...
#.#...<........##.##
#....#######...##.#,
###..# #...##.#.
#@.# #........ #O.#
#....#.#. #).#
#....#.#. #..#
#....#.#* #..#
#....#.$, #..#
#..#####* #..#
#...,,,,, #..#
#.##***** #..#
#..,,,*


You could see an ogre.

Vanquished Creatures
  Eustachio (D:5)
  2 ogres (D:4)
  A centaur skeleton (D:4)
  Terence (D:3)
  Jessica (D:2)
  4 worker ants (D:4)
  Robin (D:3)
  4 gnolls
  6 adders
  2 oozes
  A worm (D:3)
  2 dart slugs
  2 leopard geckos
  8 orcs (D:3)
  4 giant cockroaches
  12 goblins
  13 hobgoblins
  4 jackals
  12 kobolds
  A quokka (D:2)
  4 ball pythons
  5 bats
  8 frilled lizards
  A giant cockroach zombie (D:4)
  A leopard gecko skeleton (D:4)
  7 rats
108 creatures vanquished.

Vanquished Creatures (collateral kills)
  A gnoll (D:4)
1 creature vanquished.

Grand Total: 109 creatures vanquished

Notes
Turn   | Place    | Note
-------+----------+-------------------------------------------
     0 | D:1      | DerDa the Mummy Necromancer began the quest for the Orb.
     0 | D:1      | Reached XP level 1. HP: 13/13 MP: 4/4
   263 | D:1      | Reached XP level 2. HP: 19/19 MP: 3/6
   861 | D:1      | Reached XP level 3. HP: 24/24 MP: 5/8
  1210 | D:2      | Reached XP level 4. HP: 30/30 MP: 5/10
  1360 | D:2      | Noticed Jessica
  1366 | D:2      | Killed Jessica
  1366 | D:2      | Reached skill level 5 in Necromancy
  1372 | D:2      | Found a faded altar of an unknown god.
  1961 | D:3      | Learned a level 3 spell: Vampiric Draining
  1966 | D:3      | Learned a level 4 spell: Animate Dead
  2004 | D:3      | Reached XP level 5. HP: 35/35 MP: 6/12
  2062 | D:3      | Reached skill level 5 in Spellcasting
  2357 | D:3      | Noticed Terence
  2388 | D:3      | Killed Terence
  2651 | D:3      | Noticed Robin
  2810 | D:3      | Killed Robin
  2826 | D:3      | Learned a level 5 spell: Agony
  2932 | D:4      | Noticed an ogre
  2943 | D:4      | Killed an ogre
  2943 | D:4      | Reached XP level 6. HP: 41/41 MP: 10/15
  3318 | D:4      | Reached XP level 7. HP: 40/46 MP: 12/17
  3457 | D:4      | Found a sparkling altar of Nemelex Xobeh.
  3916 | D:5      | Entered Level 5 of the Dungeon
  3965 | D:5      | Noticed Eustachio
  4206 | D:5      | Found a staircase to the Ecumenical Temple.
  4216 | Temple   | Entered the Ecumenical Temple
  4889 | D:5      | Killed Eustachio
  4919 | D:5      | HP: 1/46 [ogre/+0 giant club (11)]
  4921 | D:5      | Mangled by an ogre

Levels and vault maps discovered:
D:1:      evilmike_arrival_crescent, layout_basic, st_stairs_11,
          minmay_misc_feat_enclosed, grunt_decor_resistance
D:2:      layout_loops_corners, first_ration, chequers_ecumenical_altar_simple,
          grunt_ministairs_3, kennysheep_generic_room_15, uniq_jessica
D:3:      minmay_recursive_quarters, layout_loops_ring, uniq_robin, uniq_terence
D:4:      layout_loops_corners, nemelex_xobeh_ov_fountains_minmay
D:5:      layout_basic, nicolae_qazlal_general_emergency, temple_fountains,
          corexii_shack, uniq_eustachio
Temple:   cyrus_circular_temple

Skill      XL: |  1  2  3  4  5  6  7 |
---------------+----------------------+-----
Spellcasting   | 3 4 6 7 |  7.4
Necromancy     | 5 6 7 |  7.1
Dodging        | |  1.5
Stealth        | |  1.5

Action                   |  1- 3 |  4- 6 |  7- 9 || total
-------------------------+-------+-------+-------++-------
Melee: Unarmed           |     2 |       |       ||     2
       Whip              |     2 |    18 |       ||    20
       Dagger            |       |    26 |    34 ||    60
 Fire: Hunting sling     |     2 |     8 |       ||    10
Throw: Dart              |       |    18 |     2 ||    20
       Stone             |       |     4 |       ||     4
 Cast: Pain              |    73 |   127 |    35 ||   235
       Animate Dead      |       |       |     2 ||     2
  Use: Scroll            |       |       |     5 ||     5
 Stab: Sleeping          |       |       |     1 ||     1
Armor: Robe              |    11 |    20 |    42 ||    73
Dodge: Dodged            |    25 |    60 |    59 ||   144

Table legend:
 A = Non-vault XP
 B = Vault XP
 C = Vault XP percentage of total XP
 D = Non-vault monster count
 E = Vault monster count
 F = Vault count percentage of total count
                 A         B        C        D         E       F
            +---------+---------+-------+---------+---------+-------
      Total |     650 |     373 |  36.5 |      79 |      30 |  27.5
            +---------+---------+-------+---------+---------+-------
        D:1 |      35 |       6 |  14.6 |      23 |       4 |  14.8
        D:2 |      95 |      57 |  37.5 |      25 |       6 |  19.4
        D:3 |      34 |     106 |  75.7 |      16 |      18 |  52.9
        D:4 |     486 |       0 |   0.0 |      15 |       0 |   0.0
        D:5 |       0 |     204 | 100.0 |       0 |       2 | 100.0
            +---------+---------+-------+---------+---------+-------
